NCAA
GEORGIA BULLDOGS @ TEXAS CHRISTIAN HORNED FROGS
04/06/2028
 
TOP OF THE 1ST
Georgia Bulldogs batting - Pitching for Texas Christian Horned Frogs : RHP David Miller
Pitching: RHP David Miller
Batting: RHB John Field 0-0: Called Strike
0-1: Called Strike
0-2: Strikes out swinging
Batting: LHB Leroy Surtees 0-0: Ball
1-0: Ball
2-0: Foul Ball, location: 2F
2-1: Ball
3-1: Base on Balls
Batting: RHB Tom Stoltz 0-0: SINGLE (Groundball, 4) (infield hit)
Leroy Surtees to second
Batting: RHB Gerald Miller 0-0: Called Strike
0-1: Ball
1-1: Fly out, F7 (Flyball, 78M)
Batting: SHB Jean-François St-Amant 0-0: Called Strike
0-1: Ball
1-1: Foul Ball, location: 2F
1-2: Ball
2-2: Strikes out swinging
Top of the 1st over - 0 run(s), 1 hit(s), 0 error(s), 2 left on base; Georgia 0 - Texas Christian 0
BOTTOM OF THE 1ST
Texas Christian Horned Frogs batting - Pitching for Georgia Bulldogs : RHP Pedro Mata
Pitching: RHP Pedro Mata
Batting: RHB Eric Adams 0-0: Ground out 6-3 (Groundball, 56)
Batting: RHB Jeff Byford 0-0: Called Strike
0-1: Ball
1-1: Swinging Strike
1-2: Foul Ball, location: 2F
1-2: Strikes out swinging
Batting: LHB Todd Gilliam 0-0: Ball
1-0: Foul Ball, location: 2F
1-1: Ball
2-1: Foul Ball, location: 2F
2-2: Ground out 1-3 (Groundball, 13)
Bottom of the 1st over - 0 run(s), 0 hit(s), 0 error(s), 0 left on base; Georgia 0 - Texas Christian 0
TOP OF THE 2ND
Georgia Bulldogs batting - Pitching for Texas Christian Horned Frogs : RHP David Miller
Batting: RHB Russell Maldonado 0-0: SINGLE (Flyball, 9S)
Batting: LHB Bill Williams 0-0: Fly out, F4 (Popup, 4)
Batting: RHB Jeff Allen 0-0: Called Strike
0-1: Swinging Strike
0-2: Strikes out looking
Batting: RHB Ángel Torres 0-0: Fly out, F6 (Line Drive, 6)
Top of the 2nd over - 0 run(s), 1 hit(s), 0 error(s), 1 left on base; Georgia 0 - Texas Christian 0
BOTTOM OF THE 2ND
Texas Christian Horned Frogs batting - Pitching for Georgia Bulldogs : RHP Pedro Mata
Batting: RHB Brad Ravenshaw 0-0: Called Strike
0-1: Called Strike
0-2: Foul Ball, location: 2F
0-2: Foul Ball, location: 2F
0-2: Foul Ball, location: 2F
0-2: Strikes out swinging
Batting: SHB Ron Winston 0-0: Ball
1-0: Ball
2-0: Ball
3-0: Base on Balls
Batting: RHB Stan Webb 0-0: Foul Ball, location: 2F
0-1: SINGLE (Flyball, 89S)
Ron Winston to second
Batting: LHB Axel Hall 0-0: Swinging Strike
0-1: Swinging Strike
0-2: Ball
1-2: Strikes out looking
Batting: RHB Parker Gonzáles 0-0: SINGLE (Flyball, 9LS)
Ron Winston to third
Stan Webb to second
Batting: SHB Pete Fields 0-0: Called Strike
0-1: Foul Ball, location: 2F
0-2: GRAND SLAM HOME RUN (Flyball, 9D), Distance : 376 ft
Batting: RHB Eric Adams 0-0: Foul Ball, location: 2F
0-1: Ball
1-1: Foul Ball, location: 2F
1-2: Foul Ball, location: 2F
1-2: Foul Ball, location: 2F
1-2: Strikes out swinging
Bottom of the 2nd over - 4 run(s), 3 hit(s), 0 error(s), 0 left on base; Georgia 0 - Texas Christian 4
TOP OF THE 3RD
Georgia Bulldogs batting - Pitching for Texas Christian Horned Frogs : RHP David Miller
Batting: RHB John Field 0-0: Ground out 5-3 (Groundball, 56S)
Batting: LHB Leroy Surtees 0-0: SINGLE (Line Drive, 4D)
Batting: RHB Tom Stoltz 0-0: Called Strike
0-1: Foul Ball, location: 2F
0-2: Strikes out swinging
Batting: RHB Gerald Miller 0-0: Ground out 5-3 (Groundball, 56S)
Top of the 3rd over - 0 run(s), 1 hit(s), 0 error(s), 1 left on base; Georgia 0 - Texas Christian 4
BOTTOM OF THE 3RD
Texas Christian Horned Frogs batting - Pitching for Georgia Bulldogs : RHP Pedro Mata
Batting: RHB Jeff Byford 0-0: Ball
1-0: Called Strike
1-1: Fly out, F2 (Popup, 25)
Batting: LHB Todd Gilliam 0-0: Ball
1-0: Called Strike
1-1: Foul Ball, location: 2F
1-2: Ball
2-2: Ground out 1-3 (Groundball, 15S)
Batting: RHB Brad Ravenshaw 0-0: Foul Ball, location: 2F
0-1: Foul Ball, location: 2F
0-2: SINGLE (Line Drive, 78S)
Batting: SHB Ron Winston 0-0: Ball
1-0: Swinging Strike
1-1: Called Strike
1-2: Foul Ball, location: 2F
1-2: Reached on error, E4 (Groundball, 34)
Brad Ravenshaw to second
Batting: RHB Stan Webb 0-0: Fly out, F8 (Line Drive, 8RM)
Bottom of the 3rd over - 0 run(s), 1 hit(s), 1 error(s), 2 left on base; Georgia 0 - Texas Christian 4
TOP OF THE 4TH
Georgia Bulldogs batting - Pitching for Texas Christian Horned Frogs : RHP David Miller
Batting: SHB Jean-François St-Amant 0-0: Ball
1-0: Ball
2-0: Called Strike
2-1: Ball
3-1: Ground out U3 (Groundball, 34)
Batting: RHB Russell Maldonado 0-0: Ball
1-0: Ball
2-0: Ball
3-0: Called Strike
3-1: Base on Balls
Batting: LHB Bill Williams 0-0: Called Strike
0-1: Swinging Strike
0-2: Ball
1-2: Ball
Russell Maldonado is caught stealing 2nd base
2-2: Foul Ball, location: 2F
2-2: Foul Ball, location: 2F
2-2: Strikes out swinging
Top of the 4th over - 0 run(s), 0 hit(s), 0 error(s), 0 left on base; Georgia 0 - Texas Christian 4
BOTTOM OF THE 4TH
Texas Christian Horned Frogs batting - Pitching for Georgia Bulldogs : RHP Pedro Mata
Batting: LHB Axel Hall 0-0: Swinging Strike
0-1: Ball
1-1: Foul Ball, location: 2F
1-2: Foul Ball, location: 2F
1-2: Ball
2-2: Strikes out swinging
Batting: RHB Parker Gonzáles 0-0: Swinging Strike
0-1: Ground out 4-3 (Groundball, 4)
Batting: SHB Pete Fields 0-0: Foul Ball, location: 2F
0-1: Foul Ball, location: 2F
0-2: Ball
1-2: Ball
2-2: Fly out, F2 (Popup, 2R)
Bottom of the 4th over - 0 run(s), 0 hit(s), 0 error(s), 0 left on base; Georgia 0 - Texas Christian 4
TOP OF THE 5TH
Georgia Bulldogs batting - Pitching for Texas Christian Horned Frogs : RHP David Miller
Batting: RHB Jeff Allen 0-0: Foul Ball, location: 2F
0-1: Ball
1-1: Foul Ball, location: 2F
1-2: Foul Ball, location: 2F
1-2: Strikes out swinging
Batting: RHB Ángel Torres 0-0: Called Strike
0-1: Foul Ball, location: 2F
0-2: Strikes out swinging
Batting: RHB John Field 0-0: Ball
1-0: Swinging Strike
1-1: Ball
2-1: Ball
3-1: Foul Ball, location: 2F
3-2: Strikes out looking
Top of the 5th over - 0 run(s), 0 hit(s), 0 error(s), 0 left on base; Georgia 0 - Texas Christian 4
BOTTOM OF THE 5TH
Texas Christian Horned Frogs batting - Pitching for Georgia Bulldogs : RHP Pedro Mata
Batting: RHB Eric Adams 0-0: Swinging Strike
0-1: Ball
1-1: SINGLE (Line Drive, 7S)
Batting: RHB Jeff Byford 0-0: Ball
1-0: Ball
Passed Ball!
Eric Adams to second
2-0: Ball
3-0: Called Strike
3-1: Base on Balls
Batting: LHB Todd Gilliam 0-0: Called Strike
0-1: SINGLE (Groundball, 6MD)
Eric Adams to third
Jeff Byford to second
Batting: RHB Brad Ravenshaw 0-0: Ball
1-0: Ball
2-0: Foul Ball, location: 2F
2-1: Ball
3-1: Called Strike
3-2: Base on Balls
Eric Adams scores
Jeff Byford to third
Todd Gilliam to second
Pitching: RHP Norberto Pérez
Batting: SHB Ron Winston 0-0: Swinging Strike
0-1: Ball
1-1: Foul Ball, location: 2F
1-2: Foul Ball, location: 2F
1-2: Ball
2-2: SINGLE (Line Drive, 8LS)
Jeff Byford scores
Todd Gilliam to third
Brad Ravenshaw to second
Runner from 3rd tries for Home, SAFE, throw made home
Batting: RHB Stan Webb 0-0: Ball
1-0: Ball
2-0: Foul Ball, location: 2F
2-1: Ball
3-1: Base on Balls
Brad Ravenshaw to third
Ron Winston to second
Batting: LHB Axel Hall 0-0: Ball
1-0: Swinging Strike
1-1: Grounds into double play, 6-4-3 (Groundball, 6)
Brad Ravenshaw scores
Ron Winston to third
Batting: RHB Parker Gonzáles 0-0: Ball
1-0: Called Strike
1-1: Ball
2-1: Foul Ball, location: 2F
2-2: Strikes out swinging
Bottom of the 5th over - 4 run(s), 3 hit(s), 0 error(s), 1 left on base; Georgia 0 - Texas Christian 8
TOP OF THE 6TH
Georgia Bulldogs batting - Pitching for Texas Christian Horned Frogs : RHP David Miller
Batting: LHB Leroy Surtees 0-0: SINGLE (Groundball, 34D)
Batting: RHB Tom Stoltz 0-0: 2-RUN HOME RUN (Flyball, 9D), Distance : 367 ft
Batting: RHB Gerald Miller 0-0: SINGLE (Groundball, 4MD)
Batting: SHB Jean-François St-Amant 0-0: Ball
1-0: Ball
2-0: Called Strike
2-1: Ball
Wild Pitch!
Gerald Miller to second
3-1: Ground out U3 (Groundball, 34S)
Gerald Miller to third
Batting: RHB Russell Maldonado 0-0: Called Strike
0-1: Called Strike
0-2: Strikes out looking
Batting: LHB Bill Williams 0-0: Called Strike
0-1: Ground out 6-3 (Groundball, 6)
Top of the 6th over - 2 run(s), 3 hit(s), 0 error(s), 1 left on base; Georgia 2 - Texas Christian 8
BOTTOM OF THE 6TH
Texas Christian Horned Frogs batting - Pitching for Georgia Bulldogs : RHP Norberto Pérez
Batting: SHB Pete Fields 0-0: Ball
1-0: Fly out, F8 (Line Drive, 78M)
Batting: RHB Eric Adams 0-0: Fly out, F8 (Flyball, 8RM)
Batting: RHB Jeff Byford 0-0: Called Strike
0-1: Foul Ball, location: 2F
0-2: Ball
1-2: Ball
2-2: SINGLE (Flyball, 8LS)
Batting: LHB Todd Gilliam 0-0: Ball
1-0: Swinging Strike
Jeff Byford is caught stealing 2nd base
Bottom of the 6th over - 0 run(s), 1 hit(s), 0 error(s), 0 left on base; Georgia 2 - Texas Christian 8
TOP OF THE 7TH
Georgia Bulldogs batting - Pitching for Texas Christian Horned Frogs : RHP David Miller
Batting: RHB Jeff Allen 0-0: Called Strike
0-1: Foul Ball, location: 2F
0-2: Fly out, F6 (Line Drive, 6)
Batting: RHB Ángel Torres 0-0: Ground out 1-3 (Groundball, 15)
Batting: RHB John Field 0-0: Foul Ball, location: 2F
0-1: Ball
1-1: Swinging Strike
1-2: Ball
2-2: Strikes out swinging
Top of the 7th over - 0 run(s), 0 hit(s), 0 error(s), 0 left on base; Georgia 2 - Texas Christian 8
BOTTOM OF THE 7TH
Texas Christian Horned Frogs batting - Pitching for Georgia Bulldogs : RHP Norberto Pérez
Batting: LHB Todd Gilliam 0-0: Called Strike
0-1: Ball
1-1: Ball
2-1: Ball
3-1: Base on Balls
Batting: RHB Brad Ravenshaw 0-0: Ball
1-0: SINGLE (Flyball, 78S)
Todd Gilliam to second
Batting: SHB Ron Winston 0-0: Ball
1-0: Ball
2-0: Swinging Strike
2-1: Called Strike
2-2: Strikes out swinging
Batting: RHB Stan Webb 0-0: Ball
1-0: Ball
2-0: Ball
3-0: Base on Balls
Todd Gilliam to third
Brad Ravenshaw to second
Batting: LHB Axel Hall 0-0: Ball
1-0: Ball
2-0: Called Strike
2-1: Swinging Strike
2-2: Strikes out swinging
Batting: RHB Parker Gonzáles 0-0: Foul Ball, location: 2F
0-1: Fielders Choice at 2nd, 6-4 (Groundball, 6)
Bottom of the 7th over - 0 run(s), 1 hit(s), 0 error(s), 2 left on base; Georgia 2 - Texas Christian 8
TOP OF THE 8TH
Georgia Bulldogs batting - Pitching for Texas Christian Horned Frogs : RHP David Miller
Pitching: LHP Joe Roberts
Now at 3B: Winston Lewis
Now in LF: Danny Wilson
Batting: LHB Leroy Surtees 0-0: Ball
1-0: Swinging Strike
1-1: Ball
2-1: Ball
3-1: Ground out 4-3 (Groundball, 4)
Batting: RHB Tom Stoltz 0-0: Ball
1-0: Called Strike
1-1: Ground out 6-3 (Groundball, 6MS)
Batting: RHB Gerald Miller 0-0: Ball
1-0: Ball
2-0: Foul Ball, location: 2F
2-1: Ball
3-1: Base on Balls
Batting: SHB Jean-François St-Amant 0-0: Called Strike
0-1: Ball
1-1: Ball
2-1: Swinging Strike
2-2: Strikes out swinging
Top of the 8th over - 0 run(s), 0 hit(s), 0 error(s), 1 left on base; Georgia 2 - Texas Christian 8
BOTTOM OF THE 8TH
Texas Christian Horned Frogs batting - Pitching for Georgia Bulldogs : RHP Norberto Pérez
Batting: SHB Pete Fields 0-0: Ball
1-0: Ball
2-0: Ball
3-0: Called Strike
3-1: Base on Balls
Pitching: LHP Monty Bint
Batting: RHB Eric Adams 0-0: Grounds into double play, 6-4-3 (Groundball, 6M)
Batting: RHB Jeff Byford 0-0: Ball
1-0: Ball
2-0: Called Strike
2-1: SINGLE (Groundball, 6D)
Batting: LHB Todd Gilliam 0-0: Called Strike
0-1: Ball
1-1: Fly out, F8 (Flyball, 78M)
Bottom of the 8th over - 0 run(s), 1 hit(s), 0 error(s), 1 left on base; Georgia 2 - Texas Christian 8
TOP OF THE 9TH
Georgia Bulldogs batting - Pitching for Texas Christian Horned Frogs : LHP Joe Roberts
Batting: RHB Russell Maldonado 0-0: Ground out 5-3 (Groundball, 56S)
Batting: LHB Bill Williams 0-0: Ball
1-0: Ball
2-0: Ground out 6-3 (Groundball, 6)
Batting: RHB Jeff Allen 0-0: Swinging Strike
0-1: Ball
1-1: Ball
2-1: Ball
3-1: Called Strike
3-2: Base on Balls
Batting: RHB Ángel Torres 0-0: Ball
1-0: Called Strike
1-1: Ball
2-1: SINGLE (Flyball, 8LS)
Jeff Allen to second
Batting: RHB John Field 0-0: Called Strike
0-1: Ball
1-1: Swinging Strike
1-2: SINGLE (Groundball, 6S) (infield hit)
Jeff Allen to third
Ángel Torres to second
Batting: LHB Leroy Surtees 0-0: Called Strike
0-1: Ball
1-1: Foul Ball, location: 2F
1-2: Strikes out swinging
Top of the 9th over - 0 run(s), 2 hit(s), 0 error(s), 3 left on base; Georgia 2 - Texas Christian 8
Tuesday, August 8th, 2017 - OOTP Baseball 17.12 Build 75